NWL (28 & UNDER)
LA CROSSE LOGGERS @ RIVERSIDE RED BULLS
05/03/2023
 
TOP OF THE 1ST
La Crosse Loggers batting - Pitching for Riverside Red Bulls : RHP Brett Dwyer
Pitching: RHP Brett Dwyer
Batting: LHB Ricardo Ruíz 0-0: Ball
1-0: Ball
2-0: Ball
3-0: Called Strike
3-1: SINGLE (Groundball, 34D)
Batting: LHB Oliver Beltrán 0-0: Ball
1-0: Called Strike
1-1: Ball
2-1: Foul Ball, location: 2F
2-2: Foul Ball, location: 2F
2-2: Ball
3-2: Strikes out swinging
Batting: RHB Paul Bailey 0-0: Ball
1-0: Ball
2-0: Foul Ball, location: 2F
2-1: SINGLE (Line Drive, 34D)
Ricardo Ruíz to second
Batting: LHB José Santos 0-0: Called Strike
0-1: Ground out 4-3 (Groundball, 4M)
Ricardo Ruíz to third
Paul Bailey to second
Batting: RHB Luis Ríos 0-0: Foul Ball, location: 2F
0-1: SINGLE (Flyball, 8LS)
Ricardo Ruíz scores
Paul Bailey to third
Runner from 3rd tries for Home, SAFE, no throw or cutoff
Batting: RHB Fraser Stanton 0-0: Called Strike
0-1: Foul Ball, location: 2F
0-2: Strikes out looking
Top of the 1st over - 2 run(s), 3 hit(s), 0 error(s), 1 left on base; La Crosse 2 - Riverside 0
BOTTOM OF THE 1ST
Riverside Red Bulls batting - Pitching for La Crosse Loggers : RHP Chad Bennett
Pitching: RHP Chad Bennett
Batting: RHB Joe Scott 0-0: Ball
1-0: Ball
2-0: Ball
3-0: Base on Balls
Batting: LHB Aroghetto Dionisotti 0-0: Called Strike
0-1: Ball
1-1: Ball
2-1: Ball
3-1: Base on Balls
Joe Scott to second
Batting: LHB Jorge Meléndez 0-0: SINGLE (Groundball, 6MD)
Joe Scott to third
Aroghetto Dionisotti to second
Batting: SHB Sloan James 0-0: Ball
1-0: Grounds into double play, 6-4-3 (Groundball, 6)
Joe Scott scores
Aroghetto Dionisotti to third
Batting: RHB Júlio García 0-0: Ball
1-0: Ball
2-0: Called Strike
2-1: Ball
3-1: Called Strike
3-2: Base on Balls
Batting: RHB Kyle Bacon 0-0: Ball
1-0: Swinging Strike
1-1: Ball
2-1: Swinging Strike
2-2: Strikes out looking
Bottom of the 1st over - 1 run(s), 1 hit(s), 0 error(s), 2 left on base; La Crosse 2 - Riverside 1
TOP OF THE 2ND
La Crosse Loggers batting - Pitching for Riverside Red Bulls : RHP Brett Dwyer
Batting: RHB Robert Barnard 0-0: Ball
1-0: Ball
2-0: Foul Ball, location: 2F
2-1: Foul Ball, location: 2F
2-2: Foul Ball, location: 2F
2-2: Strikes out swinging
Batting: RHB Vicente Vélez 0-0: Called Strike
0-1: Ground out 6-3 (Groundball, 6)
Batting: SHB Tony Ojeda 0-0: Ball
1-0: Called Strike
1-1: Foul Ball, location: 2F
1-2: DOUBLE (Line Drive, 78S)
Batting: LHB Ricardo Ruíz 0-0: Foul Ball, location: 2F
0-1: Fly out, F8 (Line Drive, 8RM)
Top of the 2nd over - 0 run(s), 1 hit(s), 0 error(s), 1 left on base; La Crosse 2 - Riverside 1
BOTTOM OF THE 2ND
Riverside Red Bulls batting - Pitching for La Crosse Loggers : RHP Chad Bennett
Batting: RHB José Zúñiga 0-0: Ground out 3-1 (Groundball, 34)
Batting: RHB Andy Aiton 0-0: Ball
1-0: Foul Ball, location: 2F
1-1: Ball
2-1: SINGLE (Line Drive, 89S)
Batting: SHB Chun-yeong Kim 0-0: Ball
1-0: SINGLE (Groundball, 34D)
Andy Aiton to second
Runner from 2nd tries for 3rd, SAFE, throw made to third
Batting: RHB Joe Scott 0-0: Foul Ball, location: 2F
0-1: Ball
1-1: Ball
2-1: Fly out, F2 (Popup, 2RF)
Batting: LHB Aroghetto Dionisotti 0-0: Ball
1-0: Fly out, F7 (Line Drive, 7S)
Bottom of the 2nd over - 0 run(s), 2 hit(s), 0 error(s), 2 left on base; La Crosse 2 - Riverside 1
TOP OF THE 3RD
La Crosse Loggers batting - Pitching for Riverside Red Bulls : RHP Brett Dwyer
Batting: LHB Oliver Beltrán 0-0: Ball
1-0: Called Strike
1-1: Ball
2-1: Ball
3-1: Fly out, F8 (Flyball, 8LD)
Batting: RHB Paul Bailey 0-0: Called Strike
0-1: SINGLE (Line Drive, 4MD)
Batting: LHB José Santos 0-0: Ball
1-0: Foul Ball, location: 2F
1-1: TRIPLE (Line Drive, 9LS)
Paul Bailey scores
Batting: RHB Luis Ríos 0-0: Ball
1-0: Foul Ball, location: 2F
1-1: Called Strike
1-2: Ball
2-2: Foul Ball, location: 2F
2-2: SINGLE (Groundball, 56D)
José Santos scores
Batting: RHB Fraser Stanton 0-0: Ball
1-0: Called Strike
1-1: Called Strike
1-2: Ball
2-2: Ball
3-2: Fly out, F3 (Popup, 3F)
Batting: RHB Robert Barnard Balk!
Luis Ríos to second
0-0: DOUBLE (Line Drive, 7LS)
Luis Ríos scores
Batting: RHB Vicente Vélez 0-0: Ball
1-0: Ball
2-0: Foul Ball, location: 2F
2-1: Ball
3-1: Foul Ball, location: 2F
3-2: Base on Balls
Batting: SHB Tony Ojeda 0-0: Foul Ball, location: 2F
0-1: Foul Ball, location: 2F
0-2: Ball
1-2: Ball
2-2: Ground out 3-1 (Groundball, 34)
Top of the 3rd over - 3 run(s), 4 hit(s), 0 error(s), 2 left on base; La Crosse 5 - Riverside 1
BOTTOM OF THE 3RD
Riverside Red Bulls batting - Pitching for La Crosse Loggers : RHP Chad Bennett
Batting: LHB Jorge Meléndez 0-0: Ball
1-0: Ball
2-0: Ball
3-0: Called Strike
3-1: Foul Ball, location: 2F
3-2: Ground out 4-3 (Groundball, 4)
Batting: SHB Sloan James 0-0: Ball
1-0: Called Strike
1-1: Ball
2-1: Ball
3-1: Base on Balls
Batting: RHB Júlio García 0-0: Ball
1-0: Grounds into double play, 6-4-3 (Groundball, 6M)
Bottom of the 3rd over - 0 run(s), 0 hit(s), 0 error(s), 0 left on base; La Crosse 5 - Riverside 1
TOP OF THE 4TH
La Crosse Loggers batting - Pitching for Riverside Red Bulls : RHP Brett Dwyer
Batting: LHB Ricardo Ruíz 0-0: Ball
1-0: Ball
2-0: Ball
3-0: Base on Balls
Batting: LHB Oliver Beltrán 0-0: Ball
1-0: Ball
2-0: Ball
3-0: Base on Balls
Ricardo Ruíz to second
Batting: RHB Paul Bailey 0-0: Ball
1-0: Ball
2-0: Ball
3-0: Base on Balls
Ricardo Ruíz to third
Oliver Beltrán to second
Pitching: RHP Emílio Núñez
Batting: LHB José Santos 0-0: Ball
1-0: Called Strike
1-1: Ball
2-1: Foul Ball, location: 2F
2-2: Foul Ball, location: 2F
2-2: Ball
3-2: Base on Balls
Ricardo Ruíz scores
Oliver Beltrán to third
Paul Bailey to second
Batting: RHB Luis Ríos 0-0: Called Strike
0-1: Called Strike
0-2: Foul Ball, location: 2F
0-2: Ball
1-2: Strikes out swinging
Batting: RHB Fraser Stanton 0-0: Called Strike
0-1: Called Strike
0-2: Ball
1-2: Foul Ball, location: 2F
1-2: Strikes out swinging
Batting: RHB Robert Barnard 0-0: Foul Ball, location: 2F
0-1: Foul Ball, location: 2F
0-2: Foul Ball, location: 2F
0-2: Ball
1-2: Ball
2-2: Strikes out looking
Top of the 4th over - 1 run(s), 0 hit(s), 0 error(s), 3 left on base; La Crosse 6 - Riverside 1
BOTTOM OF THE 4TH
Riverside Red Bulls batting - Pitching for La Crosse Loggers : RHP Chad Bennett
Batting: RHB Kyle Bacon 0-0: Ball
1-0: Ground out 1-3 (Groundball, 15S)
Batting: RHB José Zúñiga 0-0: Foul Ball, location: 2F
0-1: Foul Ball, location: 2F
0-2: Fly out, F9 (Flyball, 9M)
Batting: RHB Andy Aiton 0-0: Foul Ball, location: 2F
0-1: Foul Ball, location: 2F
0-2: Foul Ball, location: 2F
0-2: Foul Ball, location: 2F
0-2: Ball
1-2: Foul Ball, location: 2F
1-2: Foul Ball, location: 2F
1-2: Ball
2-2: TRIPLE (Line Drive, 78M)
Batting: SHB Chun-yeong Kim 0-0: Called Strike
0-1: Fly out, F6 (Popup, 5D)
Bottom of the 4th over - 0 run(s), 1 hit(s), 0 error(s), 1 left on base; La Crosse 6 - Riverside 1
TOP OF THE 5TH
La Crosse Loggers batting - Pitching for Riverside Red Bulls : RHP Emílio Núñez
Batting: RHB Vicente Vélez 0-0: Ball
1-0: Foul Ball, location: 2F
1-1: Foul Ball, location: 2F
1-2: Strikes out looking
Batting: SHB Tony Ojeda 0-0: Ball
1-0: Called Strike
1-1: Foul Ball, location: 2F
1-2: Fly out, F7 (Flyball, 78M)
Batting: LHB Ricardo Ruíz 0-0: Called Strike
0-1: Called Strike
0-2: Foul Ball, location: 2F
0-2: Strikes out swinging
Top of the 5th over - 0 run(s), 0 hit(s), 0 error(s), 0 left on base; La Crosse 6 - Riverside 1
BOTTOM OF THE 5TH
Riverside Red Bulls batting - Pitching for La Crosse Loggers : RHP Chad Bennett
Batting: RHB Joe Scott 0-0: Ball
1-0: SINGLE (Groundball, 6MD)
Batting: LHB Aroghetto Dionisotti 0-0: Ball
1-0: Ball
2-0: Ball
3-0: Called Strike
3-1: Foul Ball, location: 2F
3-2: Base on Balls
Joe Scott to second
Batting: LHB Jorge Meléndez 0-0: Foul Ball, location: 2F
0-1: Fly out, F4 (Popup, 4D)
Batting: SHB Sloan James 0-0: Called Strike
0-1: Grounds into double play, 6-4-3 (Groundball, 6)
Bottom of the 5th over - 0 run(s), 1 hit(s), 0 error(s), 1 left on base; La Crosse 6 - Riverside 1
TOP OF THE 6TH
La Crosse Loggers batting - Pitching for Riverside Red Bulls : RHP Emílio Núñez
Batting: LHB Oliver Beltrán 0-0: Called Strike
0-1: Ball
1-1: Foul Ball, location: 2F
1-2: Ball
2-2: Foul Ball, location: 2F
2-2: Ball
3-2: Fly out, F8 (Flyball, 8LS)
Batting: RHB Paul Bailey 0-0: Fly out, F2 (Popup, 2RF)
Batting: LHB José Santos 0-0: Called Strike
0-1: Swinging Strike
0-2: Ball
1-2: Strikes out swinging
Top of the 6th over - 0 run(s), 0 hit(s), 0 error(s), 0 left on base; La Crosse 6 - Riverside 1
BOTTOM OF THE 6TH
Riverside Red Bulls batting - Pitching for La Crosse Loggers : RHP Chad Bennett
Batting: RHB Júlio García 0-0: Ball
1-0: Called Strike
1-1: Foul Ball, location: 2F
1-2: Fly out, F8 (Flyball, 8RM)
Batting: RHB Kyle Bacon 0-0: Ball
1-0: Foul Ball, location: 2F
1-1: Swinging Strike
1-2: Foul Ball, location: 2F
1-2: Ball
2-2: Ball
3-2: Base on Balls
Pitching: RHP Mike Brown
Batting: RHB José Zúñiga 0-0: Ball
1-0: Ball
2-0: Called Strike
2-1: Ball
3-1: Called Strike
3-2: Base on Balls
Kyle Bacon to second
Batting: RHB Andy Aiton 0-0: Ball
1-0: Grounds into double play, 6-4-3 (Groundball, 6)
Bottom of the 6th over - 0 run(s), 0 hit(s), 0 error(s), 1 left on base; La Crosse 6 - Riverside 1
TOP OF THE 7TH
La Crosse Loggers batting - Pitching for Riverside Red Bulls : RHP Emílio Núñez
Pitching: RHP Bill Elliott
Batting: RHB Luis Ríos 0-0: Ball
1-0: Ball
2-0: Called Strike
2-1: Swinging Strike
2-2: Ball
3-2: Foul Ball, location: 2F
3-2: Foul Ball, location: 2F
3-2: Strikes out swinging
Batting: RHB Fraser Stanton 0-0: Ball
1-0: Ball
2-0: Ball
3-0: Base on Balls
Batting: RHB Robert Barnard 0-0: Foul Ball, location: 2F
0-1: Ball
1-1: Grounds into double play, 6-4-3 (Groundball, 6)
Top of the 7th over - 0 run(s), 0 hit(s), 0 error(s), 0 left on base; La Crosse 6 - Riverside 1
BOTTOM OF THE 7TH
Riverside Red Bulls batting - Pitching for La Crosse Loggers : RHP Mike Brown
Batting: SHB Chun-yeong Kim 0-0: Ball
1-0: Called Strike
1-1: Foul Ball, location: 2F
1-2: Strikes out swinging
Batting: RHB Joe Scott 0-0: Ball
1-0: Ball
2-0: Ball
3-0: Base on Balls
Batting: LHB Aroghetto Dionisotti 0-0: Called Strike
0-1: Ball
1-1: SINGLE (Groundball, 4MD)
Joe Scott to second
Batting: LHB Jorge Meléndez 0-0: Ball
1-0: Fly out, F7 (Line Drive, 7LM)
Batting: SHB Sloan James 0-0: Foul Ball, location: 2F
0-1: Foul Ball, location: 2F
0-2: Ball
1-2: Ball
2-2: Foul Ball, location: 2F
2-2: Ball
3-2: Foul Ball, location: 2F
3-2: Fly out, F8 (Flyball, 8RXD)
Bottom of the 7th over - 0 run(s), 1 hit(s), 0 error(s), 2 left on base; La Crosse 6 - Riverside 1
TOP OF THE 8TH
La Crosse Loggers batting - Pitching for Riverside Red Bulls : RHP Bill Elliott
Batting: RHB Vicente Vélez 0-0: Ball
1-0: Called Strike
1-1: Foul Ball, location: 2F
1-2: Ground out 6-3 (Groundball, 6)
Batting: SHB Tony Ojeda 0-0: Ball
1-0: Called Strike
1-1: Swinging Strike
1-2: Ball
2-2: Strikes out swinging
Batting: LHB Ricardo Ruíz 0-0: Called Strike
0-1: Foul Ball, location: 2F
0-2: Strikes out looking
Top of the 8th over - 0 run(s), 0 hit(s), 0 error(s), 0 left on base; La Crosse 6 - Riverside 1
BOTTOM OF THE 8TH
Riverside Red Bulls batting - Pitching for La Crosse Loggers : RHP Mike Brown
Batting: RHB Júlio García 0-0: Called Strike
0-1: Swinging Strike
0-2: Foul Ball, location: 2F
0-2: Foul Ball, location: 2F
0-2: Ball
1-2: Strikes out looking
Pitching: LHP Marty Blasingame
Batting: RHB Kyle Bacon 0-0: Ball
1-0: Foul Ball, location: 2F
1-1: Ball
2-1: Ball
3-1: Foul Ball, location: 2F
3-2: Fly out, F9 (Line Drive, 9LM)
Batting: RHB José Zúñiga 0-0: Ball
1-0: Ball
2-0: Ball
3-0: Called Strike
3-1: Called Strike
3-2: Ground out 4-3 (Groundball, 34)
Bottom of the 8th over - 0 run(s), 0 hit(s), 0 error(s), 0 left on base; La Crosse 6 - Riverside 1
TOP OF THE 9TH
La Crosse Loggers batting - Pitching for Riverside Red Bulls : RHP Bill Elliott
Batting: LHB Oliver Beltrán 0-0: Ball
1-0: Called Strike
1-1: Swinging Strike
1-2: Strikes out looking
Batting: RHB Paul Bailey 0-0: Called Strike
0-1: Ball
1-1: Swinging Strike
1-2: DOUBLE (Line Drive, 3L)
Batting: LHB José Santos 0-0: Ball
1-0: Ball
2-0: SINGLE (Line Drive, 4D)
Paul Bailey to third
Runner from 3rd tries for Home, SAFE, throw made home
José Santos to second
Batting: RHB Luis Ríos 0-0: Called Strike
0-1: Foul Ball, location: 2F
0-2: Ball
1-2: Foul Ball, location: 2F
1-2: Strikes out swinging
Batting: RHB Fraser Stanton 0-0: DOUBLE (Flyball, 9LM)
José Santos scores
Batting: RHB Robert Barnard 0-0: Ball
1-0: Ground out 6-3 (Groundball, 6)
Top of the 9th over - 2 run(s), 3 hit(s), 0 error(s), 1 left on base; La Crosse 8 - Riverside 1
BOTTOM OF THE 9TH
Riverside Red Bulls batting - Pitching for La Crosse Loggers : LHP Marty Blasingame
Batting: RHB Andy Aiton 0-0: Ball
1-0: Called Strike
1-1: Ball
2-1: Ball
3-1: Base on Balls
Batting: SHB Chun-yeong Kim 0-0: Fly out, F7 (Line Drive, 78M)
Pinch Hitting: RHB Jack Bailey 0-0: Called Strike
0-1: Foul Ball, location: 2F
0-2: Strikes out looking
Batting: LHB Aroghetto Dionisotti 0-0: Ball
1-0: Foul Ball, location: 2F
1-1: Ball
2-1: Foul Ball, location: 2F
2-2: Ball
3-2: DOUBLE (Flyball, 7LM)
Andy Aiton to third
Andy Aiton scores
Batting: LHB Jorge Meléndez 0-0: Foul Ball, location: 2F
0-1: Ball
1-1: Called Strike
1-2: Strikes out swinging
Bottom of the 9th over - 1 run(s), 1 hit(s), 0 error(s), 1 left on base; La Crosse 8 - Riverside 2
This league is powered by Out of the Park Baseball, the baseball management simulation game for PC, Mac and Linux
Wednesday, December 2nd, 2015 - OOTP Baseball 16.8 Build 38